 Dungeon Crawl Stone Soup version 0.29.1-15-g9cfb28693d (webtiles) character file.

Game seed: 6209666277316854488

1068 croobank the Covert (level 8, 0/55 HPs)
             Began as an Octopode Delver on Feb 23, 2023.
             Slain by an orc warrior
             ... wielding a +0 mace
              (18 damage)
             ... on level 6 of the Dungeon.
             The game lasted 00:15:02 (6834 turns).

croobank the Covert (Octopode Delver)               Turns: 6834, Time: 00:15:02

Health: 0/55       AC:  1    Str: 11    XL:     8   Next: 28%
Magic:  11/11      EV: 14    Int: 14    God:
Gold:   197        SH:  0    Dex: 14    Spells: 9/12 levels left

rFire   . . .      SeeInvis .   a - +3 war axe "Apson" {vorpal, rC+}
rCold   + . .      Faith    .   (no shield)
rNeg    . . .      Spirit   .   (helmet restricted)
rPois   .          Reflect  .   (no amulet)
rElec   .          Harm     .   z - ring of willpower
rCorr   .          Rampage  .   (no ring)
Will    +....                   (no ring)
Stlth   +++++.....              (no ring)
HPRegen 0.18/turn               (no ring)
MPRegen 0.12/turn               (no ring)
                                (no ring)
                                (no ring)

@: no status effects
A: almost no armour, amphibious, 8 rings, camouflage 1, gelatinous body 1,
(nimble swimmer 1), tentacles
a: no special abilities


You were on level 6 of the Dungeon.
You visited 1 branch of the dungeon, and saw 6 of its levels.

You collected 333 gold pieces.
You spent 136 gold pieces at shops.

Inventory:

Hand Weapons
 a - the +3 war axe "Apson" (weapon) {vorpal, rC+}
   (You bought it in a shop on level 5 of the Dungeon)

   It inflicts extra damage upon your enemies.
   rC:        It protects you from cold.
 b - a +3 sling
 g - a +1 flail of protection
 l - a +0 short sword
 D - a +1 dagger of holy wrath
 E - a +0 trident
Missiles
 m - 8 poisoned darts (quivered)
Jewellery
 z - a ring of willpower (left tentacle)
Wands
 f - a wand of digging (3)
 w - a wand of iceblast (9)
 C - a wand of flame (22)
Scrolls
 c - 5 scrolls of magic mapping
 d - a scroll of fear
 h - a scroll of enchant weapon
 i - a scroll of silence
 j - 2 scrolls of amnesia
 k - 2 scrolls of teleportation
 o - 3 scrolls of blinking {unknown}
 p - 4 scrolls of enchant armour {unknown}
 s - 2 scrolls of fog
 x - a scroll of noise {unknown}
Potions
 e - a potion of haste
 q - a potion of resistance
 r - 2 potions of cancellation
 u - 6 potions of curing {unknown}
 v - a potion of attraction {unknown}
 B - a potion of heal wounds {unknown}


   Skills:
 + Level 5.0 Fighting
 + Level 4.5 Axes
 + Level 4.6 Dodging
 + Level 8.9 Stealth
 + Level 2.6 Spellcasting
 + Level 2.7 Transmutations


You had 9 spell levels left.
You knew the following spells:

 Your Spells              Type           Power      Damage    Failure   Level
a - Beastly Appendage     Tmut           18%        N/A       8%          1
b - Wereblood             Tmut           9%         N/A       11%         2

Your spell library contained the following spells:

 Spells                   Type           Power      Damage    Failure   Level
 Passwall                 Tmut/Erth      4%         N/A       19%         2
 Freeze                   Ice            4%         1d3       22%         1
 Ensorcelled Hibernation  Hex/Ice        2%         N/A       34%         2
 Spider Form              Tmut/Pois      5%         N/A       36%         3
 Frozen Ramparts          Ice            2%         1d1       56%         3
 Swiftness                Air            1%         N/A       56%         3
 Fulminant Prism          Conj/Hex       0%         3d6       92%         4
 Hailstorm                Conj/Ice       1%         3d3       92%         4
 Iskenderun's Mystic Bla  Conj/Tloc      1%         2d3       92%         4
 Summon Lightning Spire   Summ/Air       1%         N/A       92%         4
 Lee's Rapid Deconstruct  Erth           0%         3d5*      99%         5
 Storm Form               Tmut/Air       2%         N/A       100%        7
 Maxwell's Capacitive Co  Air            0%         ∞         100%        8


Dungeon Overview and Level Annotations

Branches:
Dungeon (6/15)
 Temple: D:4-7

Altars:
Dithmenos

Shops:
D:1 (   D:5 *


Innate Abilities, Weirdness & Mutations

You cannot wear most types of armour.
You are amphibious.
You can wear up to eight rings at the same time.
Your skin changes colour to match your surroundings (Stealth+).
Your rubbery body absorbs attacks. (AC +1, EV +1)
((You are camouflaged when in or above water. (Stealth+)))
You have tentacles for arms and can constrict up to eight enemies at once.


Message History

The orc warrior shouts!
The orc shouts! x2
You hit the orc. You grab the orc.
The orc is severely wounded.
You constrict the orc.
You kill the orc!
The orc hits you with a +0 club.
Okay, then.
You barely miss the orc warrior. You grab the orc warrior.
You squeeze the orc warrior, but do no damage.
You closely miss the orc.
You constrict the orc warrior, but do no damage.
The orc warrior hits you with a +0 mace!
The orc misses you.
You hit the orc warrior but do no damage.
You squeeze the orc warrior, but do no damage.
You slash the orc!
You kill the orc!
You closely miss the orc. You constrict the orc warrior.
The orc warrior closely misses you. The orc hits you with a +0 war axe.
You hit the orc warrior.
The orc warrior is lightly wounded.
You hit the orc.
You constrict the orc warrior, but do no damage.
The orc warrior misses you. The orc barely misses you.
You slash the orc!
You kill the orc!
You hit the orc warrior. You constrict the orc warrior.
The orc warrior completely misses you.
The orc warrior hits you with a +0 mace!
You hit the orc warrior.
The orc warrior is heavily wounded.
You constrict the orc warrior, but do no damage.
The orc warrior hits you with a +0 mace!
You hit the orc warrior but do no damage.
Your squeeze misses the orc warrior.
The orc warrior is heavily wounded.
You constrict the orc warrior.
The orc warrior hits you with a +0 mace!!
You die...

#........[...##
.............#
.............# #######
#...........####.....#
##............##.....#
####.......##........#
...#.......####......#
.≈.##.....## #......#
_..###...# #.@)...#
.≈.# ##.. #)o)..##
...# ### #.....# '####
.....## ....## #.....#
.....## #....##
......# #...## .....##
#...# .....###


You could see an orc warrior.

Vanquished Creatures
  Menkaure (D:4)
  Edmund (D:4)
  A water moccasin (D:5)
  A centaur (D:6)
  A phantom (D:4)
  A necrophage (D:4)
  3 hounds
  An orc priest (D:6)
  2 jellies
  A gnoll bouda (D:5)
  3 orc wizards
  5 gnolls
  8 adders
  2 worms (D:5)
  2 dart slugs (D:4)
  19 orcs
  8 ball pythons
  6 endoplasms
  3 giant cockroaches
  6 goblins
  4 hobgoblins
  A quokka (D:2)
  6 bats
  3 frilled lizards
  5 kobolds
  5 rats
99 creatures vanquished.

Notes
Turn   | Place    | Note
-------+----------+-------------------------------------------
     0 | D:5      | croobank the Octopode Delver began the quest for the Orb.
     0 | D:5      | Reached XP level 1. HP: 16/16 MP: 1/1
    14 | D:5      | Found Miun's CLEARANCE SALE!.
   109 | D:5      | Reached XP level 2. HP: 17/21 MP: 2/2
   203 | D:5      | Reached skill level 7 in Stealth
   203 | D:5      | Reached XP level 3. HP: 20/26 MP: 3/3
   411 | D:4      | Noticed a necrophage
   447 | D:4      | Reached XP level 4. HP: 22/31 MP: 4/4
  1326 | D:1      | Found Huzelej's Weapon Shop.
  2606 | D:2      | Reached XP level 5. HP: 30/37 MP: 5/5
  3020 | D:4      | Noticed a phantom
  3093 | D:5      | Bought the +3 war axe "Apson" {vorpal, rC+} for 136 gold
                  | pieces
  3613 | D:4      | Killed a phantom
  3719 | D:4      | Noticed Edmund
  3807 | D:4      | Reached XP level 6. HP: 29/43 MP: 6/6
  3945 | D:4      | Learned a level 1 spell: Beastly Appendage
  4060 | D:4      | Reached skill level 8 in Stealth
  4109 | D:4      | Noticed Menkaure
  4114 | D:4      | Killed Menkaure
  4115 | D:4      | Reached skill level 1 in Spellcasting
  4115 | D:4      | Reached skill level 1 in Transmutations
  4286 | D:4      | Learned a level 2 spell: Wereblood
  4578 | D:4      | Killed Edmund
  4579 | D:4      | Reached XP level 7. HP: 17/49 MP: 7/9
  5789 | D:6      | Reached XP level 8. HP: 48/54 MP: 11/11
  6031 | D:6      | Found a shadowy altar of Dithmenos.
  6319 | D:6      | Reached skill level 5 in Fighting
  6611 | D:6      | Identified the +1 leather armour of Midnight {Fly}
  6834 | D:6      | Slain by an orc warrior

Illustrated notes

Levels and vault maps discovered:
D:1:      giann_forest_graveyard, layout_loops_ring, serial_shops,
          nicolae_diamond_shop, kennysheep_crisscross
D:2:      layout_loops_corners, minmay_misc_feat_chi
D:3:      layout_loops_cross, minmay_puff
D:4:      layout_loops_cross, uniq_edmund, uniq_menkaure
D:5:      lemuel_ice_spiral_2, layout_basic, nicolae_shop_clearance
D:6:      layout_cave_pods, kennysheep_little_box, minmay_temple_entry_waves,
          minivault_22

Skill      XL: |  1  2  3  4  5  6  7  8 |
---------------+-------------------------+-----
Stealth        | 7 8 |  8.9
Axes           | 3 4 |  4.5
Dodging        | 3 4 |  4.6
Fighting       | 4 5 |  5.0
Spellcasting   | 1 2 |  2.6
Transmutations | 1 2 |  2.7

Action                   |  1- 3 |  4- 6 |  7- 9 || total
-------------------------+-------+-------+-------++-------
Melee: Hand axe          |    14 |    62 |       ||    76
       Constrict         |     2 |    22 |    18 ||    42
       Tentacles         |     3 |    22 |    16 ||    41
       War axe           |       |    35 |    55 ||    90
       Punch             |       |       |     3 ||     3
       Kick              |       |       |     1 ||     1
 Fire: Sling             |       |       |    31 ||    31
Throw: Dart              |       |     6 |    23 ||    29
 Cast: Beastly Appendage |       |       |     1 ||     1
  Use: Scroll            |       |    11 |     1 ||    12
       Potion            |       |       |     3 ||     3
 Stab: Sleeping          |     3 |    36 |     2 ||    41
Armor: Skin              |     2 |     5 |     5 ||    12
Dodge: Dodged            |     6 |    24 |    66 ||    96
